 Dungeon Crawl Stone Soup version 0.20.1-1-g8b1a95d (webtiles) character file.

7139 ucho the Cleaver (level 10, -5/136 HPs)
             Began as a Minotaur Berserker on Dec 3, 2017.
             Was a High Priest of Trog.
             Slain by an orc knight
             ... wielding a +3 glaive
              (32 damage)
             ... in a bailey.
             The game lasted 00:38:11 (7394 turns).

ucho the Cleaver (Minotaur Berserker)               Turns: 7394, Time: 00:38:11

Health: -5/136     AC: 16    Str: 27    XL:     10   Next: 85%
Magic:  9/9        EV: 11    Int:  4    God:    Trog [*****.]
Gold:   442        SH:  0    Dex: 13    Spells: 9/9 levels left

rFire    + . .     SeeInvis .   F - +3 battleaxe
rCold    . . .     Gourm    .   (shield currently unavailable)
rNeg     . . .     Faith    .   m - +0 plate armour
rPois    .         Spirit   .   (helmet restricted)
rElec    .         Reflect  .   (no cloak)
rCorr    .         Harm     .   s - +0 pair of gloves
MR       .....                  x - +0 pair of boots
Stlth    ..........             w - amulet of magic regeneration (curse)
Regen    0.4/turn               I - ring of protection from fire
MPRegen  0.2/turn               (no ring)

@: berserking (expiring), very quick
A: retaliatory headbutt, horns 2
a: Berserk, Trog's Hand, Brothers in Arms, Burn Spellbooks, Renounce Religion


You were in a bailey.
You worshipped Trog.
Trog was extremely pleased with you.
You were not hungry.

You visited 2 branches of the dungeon, and saw 10 of its levels.
You also visited: Sewer and Bailey.

You collected 517 gold pieces.
You spent 75 gold pieces at shops.

Inventory:

Hand Weapons
 u - a +0 hand axe of electrocution
 F - a +3 battleaxe (weapon)
 G - a +4 hand axe
 N - a +0 war axe
Missiles
 C - 2 tomahawks of returning (quivered)
Armour
 i - a +4 ring mail
 m - a +0 plate armour (worn)
 s - a +0 pair of gloves (worn)
 t - a -2 shield
 x - a +0 pair of boots (worn)
Jewellery
 e - an uncursed amulet of regeneration
 p - a +2 amulet of reflection
 w - a cursed amulet of magic regeneration (around neck)
 I - a ring of protection from fire (left hand)
Wands
 L - a wand of confusion (38/48)
Scrolls
 a - 3 scrolls of identify
 b - a scroll of fog
 g - 4 scrolls of teleportation
 l - a scroll of immolation
 y - 2 scrolls of blinking
 A - 2 scrolls of recharging {unknown}
 B - 2 scrolls of magic mapping {unknown}
 J - a scroll of enchant weapon {unknown}
 M - a scroll of fear {unknown}
Potions
 f - 2 potions of flight {unknown}
 j - a potion of mutation {unknown}
 k - 8 potions of heal wounds
 o - 4 potions of resistance {unknown}
 q - 3 potions of cancellation {unknown}
 r - 2 potions of brilliance {unknown}
 v - 6 potions of curing
 z - a potion of ambrosia {unknown}
 E - 2 potions of invisibility {unknown}
 K - 2 potions of magic {unknown}
 O - a potion of might {unknown}
Comestibles
 c - 9 bread rations
 d - 9 fruits
 h - 2 meat rations
 n - 3 royal jellies
 H - 45 chunks of flesh


   Skills:
 + Level 9.5 Fighting
 * Level 12.4 Axes
 + Level 9.1 Armour
 + Level 8.1 Dodging
 - Level 5.0 Shields


You had 9 spell levels left.
You didn't know any spells.

Dungeon Overview and Level Annotations

Branches:
Dungeon (9/15)             Temple (1/1) D:6
   Lair: D:8-11         Orc: D:9-12

Altars:
Ashenzari
Cheibriados
Dithmenos
Elyvilon
Fedhas
Gozag
Hepliaklqana
Kikubaaqudgha
Makhleb
Nemelex Xobeh
Okawaru
Qazlal
Ru
Sif Muna
Trog
Uskayaw
Vehumet
Xom
Yredelemnul
Zin
The Shining One

Shops:
D:4 [=*   D:5 }   D:9 (


Innate Abilities, Weirdness & Mutations

You reflexively headbutt those who attack you in melee.
You have a pair of horns on your head.


Message History

The orc knight hits you from afar with a halberd!
* * * LOW HITPOINT WARNING * * *
You are too berserk!
You are too berserk!
You are too berserk!
Eat one of 46 chunks of flesh? (ye/n/q)
You eat one of the 46 chunks of flesh.
This raw flesh tastes terrible.
The orc no longer looks unusually strong.
The orc knight barely misses you. The orc closely misses you.
You feel a strong urge to attack something.
The orc knight closely misses you. The orc barely misses you.
The orc knight roars a battlecry!
The orc goes into a battle-frenzy!
There is an open door here.
You slice the orc!!
You kill the orc!
Trog accepts your kill.
You closely miss the orc knight. You barely miss the orc knight.
The orc knight hits you with an enchanted glaive!!
You die...

#.......#
#.......#
#)).))..#
#..)))..#
#....)).#
#..))...#
#.......#
##.....##
###@###
#o)o#
#.oo#
#...#
#...#
###)###
##)))..##
#..))...#
#.))))..#


You could see 3 orc knights and an orc.

Vanquished Creatures
  2 two-headed ogres
  The ghost of bmj180 the Slicer, a novice HaFi of Okawaru (Bailey)
  A hornet (D:7)
  A hippogriff (D:7)
  Sigmund (D:6)
  5 yaks (D:8)
  Eustachio (D:4)
  A hungry ghost (D:8)
  8 orc warriors
  2 phantoms
  A sky beast (D:6)
  An ogre (D:7)
  3 centaurs
  The ghost of bmj180 the Digger, an amateur GrEE (D:3)
  4 bullfrogs
  2 scorpions
  8 wights
  3 howler monkeys
  4 crimson imps
  A bullfrog zombie (D:6)
  A centaur zombie (D:6)
  7 orc wizards
  2 hounds
  5 jellies
  2 bullfrog skeletons
  5 orc priests
  A centaur skeleton (D:8)
  Jessica (D:3)
  Natasha (D:4)
  An iguana (D:6)
  Terence (D:3)
  7 worker ants
  A killer bee zombie (D:8)
  A howler monkey skeleton (D:4)
  3 gnolls (D:5)
  14 adders
  A shadow imp (D:6)
  8 oozes (Sewer)
  3 adder skeletons
  An adder zombie (D:7)
  3 dart slugs (D:1)
  18 leopard geckos
  56 orcs
  10 ball pythons
  13 giant cockroaches
  13 goblins
  10 hobgoblins
  4 quokkas
  6 bats
  13 frilled lizards
  A jackal skeleton (D:7)
  3 kobolds
  11 rats
278 creatures vanquished.

Notes
Turn   | Place    | Note
-------+----------+-------------------------------------------
     0 | D:1      | ucho the Minotaur Berserker began the quest for the Orb.
     0 | D:1      | Reached XP level 1. HP: 19/19 MP: 0/0
   192 | D:1      | Reached XP level 2. HP: 23/27 MP: 1/1
   452 | D:1      | Reached skill level 4 in Axes
   539 | D:1      | Reached ** piety under Trog
   595 | D:1      | Reached XP level 3. HP: 22/33 MP: 2/2
  1129 | D:2      | Found a glowing silver altar of Zin.
  1369 | D:2      | Reached XP level 4. HP: 40/40 MP: 3/3
  1640 | D:3      | Reached skill level 5 in Axes
  1640 | D:3      | Reached XP level 5. HP: 47/47 MP: 4/4
  1971 | D:3      | Noticed Terence
  1977 | D:3      | Killed Terence
  1996 | D:3      | Noticed bmj180's ghost (amateur GrEE)
  2004 | D:3      | Killed bmj180's ghost
  2050 | D:3      | Reached skill level 5 in Fighting
  2058 | D:3      | Reached XP level 6. HP: 56/56 MP: 5/5
  2185 | D:3      | Noticed Jessica
  2190 | D:3      | Killed Jessica
  2614 | D:4      | Reached *** piety under Trog
  2636 | D:4      | Found Liacevua's Jewellery Emporium.
  2646 | D:4      | Reached skill level 6 in Axes
  2673 | D:4      | Found Noillaf's Antique Armour Shop.
  2687 | D:4      | Noticed Eustachio
  2698 | D:4      | Killed Eustachio
  2698 | D:4      | Reached XP level 7. HP: 61/61 MP: 6/6
  2730 | D:4      | Found a glowing drain.
  2746 | Sewer    | Entered a sewer
  2931 | Sewer    | Reached **** piety under Trog
  2952 | Sewer    | Reached skill level 5 in Armour
  3387 | D:4      | Found Puoc's Assorted Antiques.
  3411 | D:4      | Reached skill level 7 in Axes
  3513 | D:4      | Noticed Natasha
  3522 | D:4      | Killed Natasha
  3754 | D:5      | Entered Level 5 of the Dungeon
  3788 | D:5      | Got a tiger eye-encrusted ring mail
  3799 | D:5      | Identified the cursed +1 ring mail of Sec Pidiu {Int+4 Dex+4} (You found it on level 5 of the Dungeon)
  4114 | D:5      | Found Erghol's Gadget Shoppe.
  4140 | D:5      | Reached XP level 8. HP: 71/71 MP: 7/7
  4249 | D:6      | Noticed Sigmund
  4255 | D:6      | Killed Sigmund
  4255 | D:6      | Reached skill level 8 in Axes
  4255 | D:6      | Reached skill level 5 in Dodging
  4255 | D:6      | Reached skill level 1 in Shields
  4258 | D:6      | Found a stormy altar of Qazlal.
  4335 | D:6      | Found a shimmering altar of Xom.
  4415 | D:6      | Found a sparkling altar of Nemelex Xobeh.
  4578 | D:6      | Found a staircase to the Ecumenical Temple.
  4597 | Temple   | Entered the Ecumenical Temple
  4934 | D:4      | Bought a +2 amulet of reflection for 75 gold pieces
  4984 | D:6      | Noticed a two-headed ogre
  4993 | D:6      | Killed a two-headed ogre
  4993 | D:6      | Reached skill level 9 in Axes
  4993 | D:6      | Reached XP level 9. HP: 79/79 MP: 5/8
  5291 | D:6      | Reached skill level 5 in Shields
  5400 | D:7      | Received a gift from Trog
  5622 | D:7      | Reached skill level 10 in Axes
  6240 | D:7      | Received a gift from Trog
  6283 | D:8      | Reached XP level 10. HP: 90/90 MP: 9/9
  6319 | D:8      | Reached ***** piety under Trog
  6390 | D:8      | Reached skill level 11 in Axes
  6545 | D:8      | Noticed a two-headed ogre
  6721 | D:8      | Killed a two-headed ogre
  6766 | D:8      | Found a deep blue altar of Sif Muna.
  6855 | D:8      | Found a snail-covered altar of Cheibriados.
  6856 | D:8      | Found a shattered altar of Ashenzari.
  7123 | D:9      | Found Raocamm's Antique Weapon Shoppe.
  7189 | D:9      | Found a flagged portal.
  7196 | Bailey   | Entered a bailey
  7281 | Bailey   | Reached skill level 12 in Axes
  7356 | Bailey   | Noticed an orc knight
  7361 | Bailey   | Noticed an orc knight
  7361 | Bailey   | Noticed bmj180's ghost (novice HaFi)
  7362 | Bailey   | Noticed an orc knight
  7391 | Bailey   | Killed bmj180's ghost
  7394 | Bailey   | Slain by an orc knight

Skill      XL: |  1  2  3  4  5  6  7  8  9 10 |
---------------+-------------------------------+-----
Fighting       | 4 5 6 7 8 9 |  9.5
Axes           | 4 5 6 7 9 10 12 | 12.4
Armour         | 3 4 5 6 7 9 |  9.1
Dodging        | 3 4 5 6 8 |  8.1
Shields        | 4 5 |  5.0

Action                   |  1- 3 |  4- 6 |  7- 9 | 10-12 || total
-------------------------+-------+-------+-------+-------++-------
Melee: Hand axe          |    79 |    73 |   248 |       ||   400
       Headbutt          |    10 |    18 |    55 |    26 ||   109
       Battleaxe         |       |       |    71 |    96 ||   167
Throw: Javelin           |       |       |     1 |    12 ||    13
Invok: Berserk           |     1 |     2 |     6 |     3 ||    12
       Trog's Hand       |       |     1 |     2 |     1 ||     4
       Burn Spellbooks   |       |       |     1 |     1 ||     2
  Use: Scroll            |       |     2 |     8 |     3 ||    13
 Stab: Sleeping          |     2 |       |       |       ||     2
  Eat: Chunk             |     2 |     6 |    16 |    12 ||    36
       Fruit             |       |       |     3 |       ||     3
Armor: Animal skin       |     6 |       |       |       ||     6
       Leather armour    |     5 |     4 |       |       ||     9
       Chain mail        |       |    18 |    73 |       ||    91
       Ring mail         |       |       |    50 |       ||    50
       Plate armour      |       |       |     4 |    56 ||    60
Dodge: Dodged            |    44 |    22 |   142 |    52 ||   260
Block: Shield            |       |       |    24 |       ||    24
